 Dungeon Crawl Stone Soup version 0.27-a0-1312-g5cdb2b3 (webtiles) character file.

Game seed: 13079158833319619071

770 HDogLeCool the Skirmisher (level 7, -2/64 HPs)
             Began as a Minotaur Berserker on June 19, 2021.
             Was a Priest of Trog.
             Slain by Grinder (3 damage)
             ... on level 5 of the Dungeon.
             The game lasted 00:09:24 (4841 turns).

HDogLeCool the Skirmisher (Minotaur Berserker)      Turns: 4841, Time: 00:09:24

Health: -2/64      AC:  8    Str: 22    XL:     7   Next: 53%
Magic:  6/6        EV: 11    Int:  4    God:    Trog [***...]
Gold:   161        SH:  0    Dex: 11    Spells: 6/6 levels left

rFire    . . .     SeeInvis .   a - +0 hand axe
rCold    . . .     Faith    .   (no shield)
rNeg     . . .     Spirit   .   k - +0 scale mail
rPois    .         Reflect  .   (helmet restricted)
rElec    .         Harm     .   (no cloak)
rCorr    .         Rampage  .   (no gloves)
Will     .....                  j - +0 pair of boots
Stlth    ..........             l - amulet of the acrobat
HPRegen  0.20/turn              (no ring)
MPRegen  0.10/turn              (no ring)

@: on berserk cooldown, very slightly contaminated, slowed, invisible, very slow
A: horns 2, retaliatory headbutt
a: Renounce Religion, Berserk, Trog's Hand


You were on level 5 of the Dungeon.
You worshipped Trog.
Trog was most pleased with you.
You visited 1 branch of the dungeon, and saw 5 of its levels.

You collected 161 gold pieces.

Inventory:

Hand Weapons
 a - a +0 hand axe (weapon)
 f - a +2 short sword of venom
 n - a +4 spectral club
 w - a +1 dagger of electrocution
Armour
 b - a +0 animal skin
 j - a +0 pair of boots (worn)
 k - a +0 scale mail (worn)
 x - a +0 ring mail
Jewellery
 l - an amulet of the acrobat (around neck)
 y - a ring of positive energy
Wands
 m - a wand of flame (54)
 v - a wand of iceblast (2)
Scrolls
 d - 2 scrolls of noise {unknown}
 e - a scroll of teleportation {unknown}
 i - 5 scrolls of identify {unknown}
 o - a scroll of vulnerability {unknown}
 q - a scroll of acquirement {unknown}
 r - 2 scrolls of amnesia {unknown}
 s - a scroll of blinking {unknown}
 u - 3 scrolls of immolation {unknown}
 A - a scroll of magic mapping {unknown}
Potions
 c - 4 potions of heal wounds {unknown}
 g - a potion of degeneration {unknown}
 h - 3 potions of invisibility
 p - 2 potions of curing {unknown}
 t - a potion of mutation {unknown}
 z - a potion of berserk rage {unknown}
 B - a potion of flight {unknown}


   Skills:
 * Level 6.9 Fighting
 * Level 6.8 Axes
 + Level 4.6 Armour
 + Level 4.3 Dodging


You had 6 spell levels left.
You didn't know any spells.
Your spell library was empty.

Dungeon Overview and Level Annotations

Branches:
Dungeon (5/15)
 Temple: D:4-7

Altars:
Trog

Shops:
D:2 =

Annotations:
D:5 Grinder


Innate Abilities, Weirdness & Mutations

You have a pair of horns on your head.
You reflexively headbutt those who attack you in melee.


Message History

Grinder is heavily wounded.
Grinder hits you.
You writhe in agony.
You closely miss Grinder.
Grinder is heavily wounded.
Grinder hits you but does no damage. x2
You hit Grinder. Your headbutt misses Grinder.
Grinder is severely wounded.
Grinder closely misses you.
You hit Grinder but do no damage. Your headbutt misses Grinder.
Grinder is severely wounded.
Grinder hits you.
You hit Grinder. Your headbutt misses Grinder.
Grinder is severely wounded.
Grinder gestures at you.
You suddenly lose the ability to move!
Grinder hits you but does no damage. Grinder gestures at you.
Pain shoots through your body! Grinder hits you but does no damage.
You can move again.
You barely miss Grinder. You headbutt Grinder.
Grinder is almost dead.
Grinder gestures at you. Pain shoots through your body!
* * * LOW HITPOINT WARNING * * *
Unknown command.
It was a potion of invisibility.
You fade into invisibility!
Grinder hits you.
* * * LOW HITPOINT WARNING * * *
You writhe in agony.
* * * LOW HITPOINT WARNING * * *
Grinder gestures at you. Pain shoots through your body!
* * * LOW HITPOINT WARNING * * *
You are very lightly contaminated with residual magic.
You hit Grinder but do no damage. Your headbutt misses Grinder.
Grinder is almost dead.
Grinder says, "Tell me all your secrets, or I'll kill you."
Grinder hits you.
You die...

.##...# .##...# ..#
.##.).# #..##
.'...## ##+#...#
.###.# #......## .#
#.#########.......#
.#
#.........+......
## #..########....#
#....# #..5@.#
#.##.# #...#.#
#.##.#########.#
#.##...........#
#.##############
#.# #.


You could see Grinder.

Vanquished Creatures
  A necrophage (D:5)
  2 centaurs (D:5)
  A phantom (D:5)
  A water moccasin skeleton (D:4)
  A bullfrog skeleton (D:5)
  A hound (D:5)
  A gnoll shaman (D:5)
  Jessica (D:2)
  An orc wizard (D:2)
  A scorpion zombie (D:5)
  A hound skeleton (D:4)
  Robin (D:4)
  4 gnolls (D:3)
  A howler monkey skeleton (D:4)
  5 adders
  A white imp (D:5)
  2 adder skeletons
  A worm (D:4)
  3 dart slugs
  8 orcs
  4 endoplasms
  3 giant cockroaches
  8 hobgoblins
  4 jackals (D:1)
  2 quokkas
  6 ball pythons
  2 bats
  6 frilled lizards
  16 goblins
  12 kobolds
  10 rats
111 creatures vanquished.

Vanquished Creatures (others)
  7 plants (D:5)
7 creatures vanquished.

Grand Total: 118 creatures vanquished

Notes
Turn   | Place    | Note
-------+----------+-------------------------------------------
     0 | D:1      | HDogLeCool the Minotaur Berserker began the quest for the
                  | Orb.
     0 | D:1      | Reached XP level 1. HP: 19/19 MP: 0/0
   184 | D:1      | Reached XP level 2. HP: 27/27 MP: 1/1
   681 | D:1      | Reached ** piety under Trog
   794 | D:1      | Reached XP level 3. HP: 32/33 MP: 2/2
  1139 | D:2      | Found Oruhin's Jewellery Boutique.
  1582 | D:2      | Noticed Jessica
  1587 | D:2      | Killed Jessica
  1588 | D:2      | Reached XP level 4. HP: 41/41 MP: 3/3
  2263 | D:3      | Reached skill level 5 in Fighting
  2263 | D:3      | Reached XP level 5. HP: 48/48 MP: 4/4
  2364 | D:3      | Reached skill level 5 in Axes
  2555 | D:3      | Found a faded altar of an unknown god.
  3798 | D:4      | Noticed Robin
  3807 | D:4      | Reached XP level 6. HP: 56/56 MP: 5/5
  3808 | D:4      | Killed Robin
  3813 | D:4      | Reached *** piety under Trog
  3925 | D:4      | Found a bloodstained altar of Trog.
  4288 | D:5      | Entered Level 5 of the Dungeon
  4497 | D:5      | Reached XP level 7. HP: 52/64 MP: 6/6
  4815 | D:5      | Noticed Grinder
  4836 | D:5      | Paralysed by Grinder for 3 turns
  4840 | D:5      | HP: 1/64 [Grinder/nerve-wracking pain (6)]
  4841 | D:5      | Slain by Grinder

Illustrated notes

Levels and vault maps discovered:
D:1:      ncdulo_watergridlock, layout_loops_cross
D:2:      layout_basic, serial_corexii_hall, chequers_hall_statues_corner_a,
          corexii_hall_statues_u, serial_shops, shop, uniq_jessica
D:3:      layout_loops_ring, ebering_ecumenical_altar_rust,
          hangedman_feature_mirror, chequers_serial_rivers_small_a, minivault_14
D:4:      layout_basic, overflow_temple_1_default, uniq_robin
D:5:      layout_basic, serial_bayou_pond_b, uniq_grinder

Skill      XL: |  1  2  3  4  5  6 |
---------------+-------------------+-----
Fighting       | 4 5 6 |  6.9
Axes           | 4 5 6 |  6.8
Armour         | 3 4 |  4.6
Dodging        | 3 4 |  4.3

Action                   |  1- 3 |  4- 6 |  7- 9 || total
-------------------------+-------+-------+-------++-------
Melee: Hand axe          |    66 |   152 |    33 ||   251
       Headbutt          |     8 |    33 |    12 ||    53
       Short sword       |     2 |       |       ||     2
Invok: Berserk           |     2 |     6 |     1 ||     9
  Use: Potion            |       |       |     1 ||     1
Armor: Animal skin       |    11 |       |       ||    11
       Scale mail        |     4 |    44 |    18 ||    66
       Ring mail         |       |     1 |       ||     1
Dodge: Dodged            |    41 |    83 |    10 ||   134

Table legend: (Time is in decaauts)
 A = Elapsed time spent in this place.
 B = Non-inter-level travel time spent in this place.
 C = Inter-level travel time spent in this place.
 D = Time resting spent in this place.
 E = Time spent auto-exploring this place.
 F = Levels seen in this place.
 G = Mean time per level.
                   A        B        C        D        E       F      G
               +--------+--------+--------+--------+--------+-----+--------+
         Total |   4943 |   4590 |    353 |    703 |   3246 |   5 |  988.6 |
       Dungeon |   4943 |   4590 |    353 |    703 |   3246 |   5 |  988.6 |
               +--------+--------+--------+--------+--------+-----+--------+

Top non-repeatable levels by time:
     D:4: 1279 daAuts
     D:1: 1034 daAuts
     D:3: 1027 daAuts
     D:2: 1026 daAuts
     D:5: 577 daAuts
